 Dungeon Crawl Stone Soup version 0.26-a0-651-gb41185065b (webtiles) character file.

Game seed: 17470945676309039179

52 Barbarella the Firebug (level 4, -5/32 HPs)
             Began as a Human Fire Elementalist on Sept 30, 2020.
             Shot with an arrow by a centaur (12 damage)
             ... on level 2 of the Dungeon.
             The game lasted 00:07:00 (2854 turns).

Barbarella the Firebug (Human Fire Elementalist)    Turns: 2854, Time: 00:07:01

Health: -5/32      AC:  2    Str: 10    XL:     4   Next: 8%
Magic:  0/7        EV: 12    Int: 15    God:
Gold:   120        SH:  0    Dex: 13    Spells: 6/7 levels left

rFire    . . .     SeeInvis .   (no weapon)
rCold    . . .     Faith    .   (no shield)
rNeg     . . .     Spirit   .   a - +0 robe
rPois    .         Reflect  .   (no helmet)
rElec    .         Harm     .   (no cloak)
rCorr    .         Rampage  .   (no gloves)
MR       .....                  (no boots)
Stlth    ++........             (no amulet)
HPRegen  0.10/turn              (no ring)
MPRegen  0.10/turn              (no ring)

@: very slightly contaminated
A: no striking features
a: no special abilities


You were on level 2 of the Dungeon.
You visited 1 branch of the dungeon, and saw 2 of its levels.

You collected 120 gold pieces.

Inventory:

Armour
 a - a +0 robe (worn)
Jewellery
 c - an uncursed ring of see invisible {unknown}
 l - an uncursed ring of protection from magic {unknown}
 o - an uncursed ring of positive energy {unknown}
Scrolls
 e - 4 scrolls of identify {unknown}
 f - a scroll of amnesia {unknown}
 h - a scroll of enchant weapon {unknown}
 i - a scroll of immolation {unknown}
 k - a scroll of fear {unknown}
 m - a scroll of noise {unknown}
 n - a scroll of teleportation {unknown}
 p - a scroll of fog {unknown}
Potions
 b - a potion of curing {unknown}
 d - a potion of stabbing {unknown}
 g - 2 potions of heal wounds {unknown}
 j - a potion of degeneration {unknown}


   Skills:
 + Level 1.3 Fighting
 - Level 2.0 Dodging
 - Level 2.0 Stealth
 + Level 2.3 Spellcasting
 + Level 1.7 Conjurations
 * Level 3.7 Fire Magic


You had 6 spell levels left.
You knew the following spells:

 Your Spells              Type           Power        Failure   Level
a - Foxfire               Conj/Fire      #...         7%          1

Your spell library contained the following spells:

 Spells                   Type           Power        Failure   Level
 Conjure Flame            Conj/Fire      #.......     22%         3
 Inner Flame              Hex/Fire       #.......     30%         3
 Sticky Flame             Conj/Fire      #.......     56%         4
 Fireball                 Conj/Fire      #.........   89%         5


Dungeon Overview and Level Annotations

Branches:
Dungeon (2/15)

Altars:


Message History

Casting: Foxfire (safe; 7% risk of failure)
Confirm with . or Enter, or press ? or * to list all spells.
You miscast Foxfire.
You are very lightly contaminated with residual magic.
Nothing appears to happen.
The centaur hits you. The centaur hits you. The centaur misses you.
Casting: Foxfire (safe; 7% risk of failure)
Confirm with . or Enter, or press ? or * to list all spells.
You conjure some foxfire!
The centaur hits you.
The foxfire hits the centaur.
The centaur is severely wounded.
The foxfire hits the centaur.
The centaur is almost dead.
The centaur hits you.
* * * LOW HITPOINT WARNING * * *
The centaur hits you.
* * * LOW HITPOINT WARNING * * *
The centaur wields a +0 shortbow.
The centaur shoots an arrow.
The arrow hits you!
You die...

#....# ..# ###'## ....#
#.# ##### ...# #.# #...#
...# #§# #.#.# ...## #.#
#.#.# #... #.#
#.#.#.####c##### #.#
#.#.#...@.)....# #.#####
#.#.######§#...#.##......
#.#.# #.......#.########
#.#.# #.#.#.#.#.# #.#.#
#.#.#.#.#.# #.#.#
#.#.#.#.#.#
#.#.####.#.#.#.#.#
#.#........#.#.#.######
#.####..#..#.#........#


You could see a centaur.

Vanquished Creatures
  6 dart slugs
  2 leopard geckos
  A giant cockroach (D:1)
  3 hobgoblins
  2 jackals (D:1)
  5 bats
  A frilled lizard (D:1)
  4 goblins
  6 kobolds
  7 rats
37 creatures vanquished.

Vanquished Creatures (others)
  151 foxfires
151 creatures vanquished.

Grand Total: 188 creatures vanquished

Notes
Turn   | Place    | Note
-------+----------+-------------------------------------------
     0 | D:1      | Barbarella the Human Fire Elementalist began the quest for
                  | the Orb.
     0 | D:1      | Reached XP level 1. HP: 13/13 MP: 3/3
   366 | D:1      | Reached XP level 2. HP: 16/20 MP: 1/5
   846 | D:1      | Reached XP level 3. HP: 24/25 MP: 2/6
  1048 | D:1      | Reached skill level 1 in Fighting
  2531 | D:2      | Reached XP level 4. HP: 29/32 MP: 2/7
  2784 | D:2      | Found a faded altar of an unknown god.
  2838 | D:2      | Noticed a centaur
  2854 | D:2      | Shot with an arrow by a centaur

Illustrated notes

Levels and vault maps discovered:
D:1:      mrwooster_arrival_statue, layout_loops_corners
D:2:      layout_basic, chequers_ecumenical_altar_simple, minivault_11,
          minmay_tetromino_l2

Skill      XL: |  1  2  3 |
---------------+----------+-----
Fighting       | 1 |  1.3
Dodging        | |  2.0
Stealth        | |  2.0
Spellcasting   | |  2.3
Conjurations   | |  1.7
Fire Magic     | |  3.7

Action                   |  1- 3 |  4- 6 || total
-------------------------+-------+-------++-------
Melee: Unarmed           |    33 |       ||    33
 Cast: Foxfire           |    88 |    11 ||    99
Armor: Robe              |    19 |       ||    19
Dodge: Dodged            |    69 |     8 ||    77

Table legend: (Time is in decaauts)
 A = Elapsed time spent in this place.
 B = Non-inter-level travel time spent in this place.
 C = Inter-level travel time spent in this place.
 D = Time resting spent in this place.
 E = Time spent auto-exploring this place.
 F = Levels seen in this place.
 G = Mean time per level.
                   A        B        C        D        E       F      G
               +--------+--------+--------+--------+--------+-----+--------+
         Total |   2853 |   2795 |     58 |    680 |   1686 |   2 | 1426.5 |
       Dungeon |   2853 |   2795 |     58 |    680 |   1686 |   2 | 1426.5 |
               +--------+--------+--------+--------+--------+-----+--------+

Top non-repeatable levels by time:
     D:1: 1899 daAuts
     D:2: 954 daAuts
